 Dungeon Crawl Stone Soup version 0.31-a0-702-gf82c85558f (webtiles) character file.

Game seed: 10082902762432179850

1148 qw the Skirmisher (level 8, 0/49 HPs)
             Began as a Gargoyle Hunter on Sept 8, 2023.
             Slain by a steam dragon (3 damage)
             ... on level 6 of the Dungeon.
             The game lasted 00:01:32 (3313 turns).

qw the Skirmisher (Gargoyle Hunter)                 Turns: 3313, Time: 00:01:33

Health: 0/49       AC: 16    Str: 20    XL:     8   Next: 38%
Magic:  8/8        EV: 11    Int: 11    God:
Gold:   179        SH:  0    Dex: 15    Spells: 7/7 levels left

rFire   . . .        Y - +2 shortbow
rCold   . . .        (shield currently unavailable)
rNeg    + . .        h - +0 ring mail
rPois   inf          (no helmet)
rElec   +            (no cloak)
rCorr   .            (no gloves)
SInv    .            e - +0 pair of boots
Will    .....        g - amulet of the acrobat
Stlth   +            i - +4 ring of protection
HPRegen 0.28/turn    c - +6 ring of strength
MPRegen 0.11/turn

%: acrobat
@: about to teleport
A: sickness immunity, AC +5, negative energy resistance 1, electricity
resistance, torment resistance 1, petrification resistance, sense surroundings 1
a: no special abilities


You were on level 6 of the Dungeon.
You visited 1 branch of the dungeon, and saw 6 of its levels.

You collected 179 gold pieces.


Innate Abilities, Weirdness & Mutations

You are immune to sickness and miasma.
Your stone body is resilient. (AC +5)
You are immune to poison.
You resist negative energy. (rN+)
You are resistant to electric shocks. (rElec)
You are resistant to unholy torment.
You are immune to petrification.
You passively map a small area around you.


   Skills:
 - Level 5.3 Fighting
 + Level 8.9 Ranged Weapons
 - Level 2.7 Armour
 - Level 2.2 Dodging
 - Level 1.1 Stealth


You had 7 spell levels left.
You didn't know any spells.
Your spell library was empty.

Inventory:

Hand Weapons
 Y - a +2 shortbow (weapon)
Armour
 e - a +0 pair of boots (worn)
 h - a +0 ring mail (worn)
Jewellery
 c - a +6 ring of strength (right hand)
 g - an amulet of the acrobat (around neck)
 i - a +4 ring of protection (left hand)
Scrolls
 f - 2 scrolls of identify
 k - a scroll of teleportation
Potions
 a - a potion of lignification {unknown}
 j - a potion of degeneration {unknown}

Dungeon Overview and Level Annotations

Branches:
Dungeon (6/15)
 Temple: D:4-7

Altars:
Ashenzari
Gozag
Nemelex Xobeh

Shops:
D:3 (

Annotations:
D:3 1 runed translucent door, Crazy Yiuf


Message History

The steam dragon misses you.
The steam dragon claws you but does no damage.
You shoot an arrow.
The arrow hits the steam dragon but does no damage.
The steam dragon is heavily wounded.
You are engulfed in a cloud of scalding steam.
The steam dragon barely misses you.
The steam dragon claws you but does no damage.
You shoot an arrow. The arrow hits the steam dragon.
The steam dragon is severely wounded.
The steam dragon breathes steam at you.
The ball of steam hits you but does no damage.
The ball of steam hits something!
You hear a shout!
You shoot an arrow. The arrow hits the steam dragon.
The steam dragon is severely wounded.
You are engulfed in a cloud of scalding steam.
The steam dragon barely misses you.
The steam dragon claws you but does no damage.
You shoot an arrow. The arrow hits the steam dragon.
The steam dragon is severely wounded.
You are engulfed in a cloud of scalding steam.
The steam dragon bites you. The steam dragon claws you.
You shoot an arrow.
The arrow completely misses the steam dragon.
You are engulfed in a cloud of scalding steam.
The steam dragon breathes steam at you. The ball of steam hits you!
3312 ||| READING 2 scrolls of teleportation.
As you read the scroll of teleportation, it crumbles to dust.
You feel strangely unstable.
You hear the rusting of a drain very nearby.
You are engulfed in a cloud of scalding steam.
The steam dragon breathes steam at you. The ball of steam hits you.
You hear a shout!
You shoot an arrow.
The arrow completely misses the steam dragon.
The steam dragon barely misses you. The steam dragon claws you.
You die...

~ * ,,,* , ~
,, , * * ,,
,, , * ,
,########. *
*#.#$).....D
#.#D# * *
#.#@# ,
#.#¤# #.#.#
, #.#¤#
#.#.######
#..........*
##.#.#######
, #.###.# #
** ,
##.#.#.... ,


You could see a steam dragon (catching breath).

Vanquished Creatures
  Eustachio (D:5)
  Duvessa (D:5)
  A sky beast (D:6)
  A phantom (D:5)
  A bullfrog (D:6)
  2 scorpions (D:6)
  Dowan (D:5)
  A howler monkey (D:6)
  2 jellies
  2 hounds
  2 orc priests
  A gnoll bouda (D:6)
  3 orc wizards (D:4)
  3 gnolls (D:6)
  5 adders
  2 shadow imps (D:5)
  An ufetubus (D:5)
  2 worms
  A dart slug (D:1)
  9 orcs
  4 bats
  14 endoplasms
  6 giant cockroaches
  3 hobgoblins
  7 quokkas
  7 ball pythons
  3 frilled lizards
  3 goblins
  7 kobolds
  4 rats
100 creatures vanquished.

Vanquished Creatures (others)
  A sky beast (D:6)
1 creature vanquished.

Grand Total: 101 creatures vanquished

Notes
Turn   | Place    | Note
-------+----------+-------------------------------------------
     0 | D:1      | qw the Gargoyle Hunter began the quest for the Orb.
     0 | D:1      | Reached XP level 1. HP: 12/12 MP: 1/1
     0 | D:1      | 0 ||| qw: Version: 0.3-a-76-g4403597
     0 | D:1      | 0 ||| qw: Game counter: 968
     0 | D:1      | 0 ||| qw: Melee chars always use a shield: true
     0 | D:1      | 0 ||| qw: God list: Okawaru
     0 | D:1      | 0 ||| qw: Allow faded altars: false
     0 | D:1      | 0 ||| qw: Do Orc after clearing Dungeon:15 true
     0 | D:1      | 0 ||| qw: Do second Lair branch before Depths: true
     0 | D:1      | 0 ||| qw: Lair rune preference: random
     0 | D:1      | 0 ||| qw: Goals: Normal
     0 | D:1      | 0 ||| PLANNING D:1-11
    37 | D:1      | Reached XP level 2. HP: 17/17 MP: 2/2
   338 | D:1      | 338 ||| UPGRADING to +6 ring of strength.
   339 | D:1      | 339 ||| READING scroll labelled KALAOM BUOPTOA.
   340 | D:1      | 340 ||| DROPPING scroll of butterflies.
   470 | D:2      | Reached XP level 3. HP: 21/21 MP: 3/3
   518 | D:2      | Reached skill level 5 in Ranged Weapons
   849 | D:2      | 849 ||| UPGRADING to +0 pair of boots.
   854 | D:2      | 854 ||| UPGRADING to +0 ring mail.
   864 | D:2      | 864 ||| DROPPING +0 leather armour.
   865 | D:2      | 865 ||| UPGRADING to amulet of the acrobat.
   870 | D:2      | 870 ||| READING scroll labelled WATYLO WURCH.
   871 | D:2      | 871 ||| DRINKING 2 metallic purple potions.
   871 | D:2      | Gained mutation: You have hidden genetic defects. [potion
                  | of mutation]
   871 | D:2      | Gained mutation: You are vulnerable to cold. (rC-) [potion
                  | of mutation]
   872 | D:2      | 872 ||| DRINKING potion of mutation.
   872 | D:2      | Lost mutation: You are vulnerable to cold. (rC-) [potion of
                  | mutation]
   872 | D:2      | Lost mutation: You have hidden genetic defects. [potion of
                  | mutation]
   872 | D:2      | Gained mutation: You passively map a small area around you.
                  | [potion of mutation]
   897 | D:3      | Found Upeingimp's Weapon Emporium.
  1022 | D:3      | Found a sparkling altar of Nemelex Xobeh.
  1037 | D:3      | Reached skill level 1 in Armour
  1066 | D:3      | Reached XP level 4. HP: 27/27 MP: 4/4
  1066 | D:3      | 1066 ||| Stepping ~*~*~tactically~*~*~ (outnumbered).
  1068 | D:3      | 1068 ||| Stepping ~*~*~tactically~*~*~ (outnumbered).
  1074 | D:3      | Reached skill level 3 in Fighting
  1090 | D:3      | Found an opulent altar of Gozag.
  1135 | D:3      | Found a faded altar of an unknown god.
  1275 | D:3      | 1275 ||| READING scroll of enchant weapon.
  1275 | D:3      | 1275 ||| ENCHANTING +1 shortbow.
  1460 | D:3      | Identified the +4 hammer of Fate {heavy, MP+9}
  1471 | D:3      | Found a runed translucent door.
  1472 | D:3      | Noticed Crazy Yiuf
  1672 | D:3      | 1672 ||| DROPPING scarf of shadows.
  1673 | D:3      | 1673 ||| UPGRADING to ring of positive energy.
  1674 | D:3      | 1674 ||| READING scroll labelled AJOYLU XEPP.
  1675 | D:3      | 1675 ||| READING 2 scrolls labelled ZUNOCH ENTOG.
  1737 | D:3      | 1737 ||| DRINKING 2 purple potions.
  1745 | D:3      | 1745 ||| DROPPING potion of ambrosia.
  1854 | D:4      | 1854 ||| RETREATING.
  1858 | D:4      | Reached XP level 5. HP: 32/32 MP: 5/5
  2005 | D:4      | Reached skill level 6 in Ranged Weapons
  2010 | D:4      | Reached XP level 6. HP: 38/38 MP: 6/6
  2254 | D:4      | 2254 ||| UPGRADING to +4 ring of protection.
  2256 | D:4      | 2256 ||| UPGRADING to +6 ring of strength.
  2258 | D:4      | 2258 ||| DROPPING ring of positive energy.
  2264 | D:5      | Entered Level 5 of the Dungeon
  2348 | D:5      | Noticed Dowan
  2350 | D:5      | Noticed Duvessa
  2351 | D:5      | 2351 ||| RETREATING.
  2370 | D:5      | Killed Duvessa
  2380 | D:5      | Killed Dowan
  2381 | D:5      | Reached skill level 7 in Ranged Weapons
  2443 | D:5      | Reached XP level 7. HP: 43/43 MP: 7/7
  2477 | D:5      | Noticed Eustachio
  2490 | D:5      | Killed Eustachio
  2582 | D:5      | Found a broken altar of Ashenzari.
  2702 | D:5      | Reached skill level 8 in Ranged Weapons
  2921 | D:5      | 2921 ||| READING scroll labelled ROQEOF OBBONOJ.
  2953 | D:5      | 2953 ||| READING scroll labelled WYIBERGHA GIDOE.
  2954 | D:5      | 2954 ||| DRINKING 2 bubbling clear potions.
  2955 | D:5      | 2955 ||| DROPPING potion of invisibility.
  2966 | D:6      | 2966 ||| PLANNING SEWER
  3106 | D:6      | Reached XP level 8. HP: 48/49 MP: 8/8
  3259 | D:6      | 3259 ||| Stepping ~*~*~tactically~*~*~ (outnumbered).
  3297 | D:6      | 3297 ||| Stepping ~*~*~tactically~*~*~ (outnumbered).
  3311 | D:6      | HP: 11/49 [steam dragon/ball of steam (9)]
  3312 | D:6      | 3312 ||| READING 2 scrolls of teleportation.
  3312 | D:6      | HP: 3/49 [steam dragon/ball of steam (6)]
  3313 | D:6      | Slain by a steam dragon

Levels and vault maps discovered:
D:1:      minmay_arrival_plants_in_alcoves, layout_rooms, grunt_decor_junction,
          chequers_serial_rivers_small_a
D:2:      layout_basic
D:3:      layout_loops_ring, mainiacjoe_overflow_small_starburst,
          nicolae_gozag_seed_capital, serial_shops,
          nicolae_shop_advertising_works [nicolae_subvault_shop_adworks],
          chequers_ecumenical_altar_simple_redux, st_stairs_1,
          small_statue_intersection, uniq_crazy_yiuf_cottage
D:4:      layout_basic
D:5:      layout_cave_pools, nicolae_ashenzari_panopticon, serial_column_ruins,
          column_ruins_hut, column_ruins_hut, column_ruins_columns_straight,
          column_ruins_corridor_straight, column_ruins_columns_corner,
          column_ruins_columns_corner, uniq_duvessa, uniq_eustachio
D:6:      layout_loops_ring, makhleb_grotto_becter, portal_sewer_entry_e,
          nicolae_shop_clearance, uniq_grinder

Skill      XL: |  1  2  3  4  5  6  7  8 |
---------------+-------------------------+-----
Ranged Weapons | 5 6 7 8 |  8.9
Armour         | 1 2 |  2.7
Fighting       | 3 4 5 |  5.3
Dodging        | 2 |  2.2
Stealth        | |  1.1

Action                     |  1- 3 |  4- 6 |  7- 9 || total
---------------------------+-------+-------+-------++-------
   Fire: Shortbow          |    93 |   137 |   137 ||   367
    Use: Scroll            |     2 |     3 |     3 ||     8
         Potion            |     2 |     1 |     1 ||     4
 Armour: Leather armour    |    20 |       |       ||    20
         Ring mail         |     3 |    44 |    55 ||   102
  Dodge: Dodged            |    24 |    28 |    31 ||    83

Table legend:
 A = Non-vault XP
 B = Vault XP
 C = Vault XP percentage of total XP
 D = Non-vault monster count
 E = Vault monster count
 F = Vault count percentage of total count
                 A         B        C        D         E       F
            +---------+---------+-------+---------+---------+-------
      Total |    1220 |     420 |  25.6 |      95 |       5 |   5.0
            +---------+---------+-------+---------+---------+-------
        D:1 |      26 |       0 |   0.0 |      15 |       0 |   0.0
        D:2 |      31 |       0 |   0.0 |      16 |       0 |   0.0
        D:3 |      52 |       4 |   7.1 |      19 |       2 |   9.5
        D:4 |     240 |       0 |   0.0 |      23 |       0 |   0.0
        D:5 |     193 |     416 |  68.3 |       7 |       3 |  30.0
        D:6 |     678 |       0 |   0.0 |      15 |       0 |   0.0
            +---------+---------+-------+---------+---------+-------
